 Dungeon Crawl Stone Soup version 0.21-a0-346-g330ab2c (webtiles) character file.

79 KristoblXynda the Chopper (level 4, 0/38 HPs)
             Began as a Draconian Monk on Oct 5, 2017.
             Slain by Terence
             ... wielding a +0 flail of draining
              (2 damage)
             ... on level 2 of the Dungeon.
             The game lasted 00:02:37 (848 turns).

KristoblXynda the Chopper (Draconian Monk)           Turns: 848, Time: 00:02:38

Health: 0/38       AC:  5    Str: 14    XL:     4   Next: 16%
Magic:  4/4        EV: 12    Int: 11    God:
Gold:   56         SH:  0    Dex: 13    Spells: 3/3 levels left

rFire    . . .     SeeInvis .   a - +0 hand axe
rCold    . . .     Gourm    .   (no shield)
rNeg     . . .     Faith    .   (armour unavailable)
rPois    .         Spirit   .   (helmet restricted)
rElec    .         Reflect  .   (no cloak)
rCorr    .         Harm     .   (no gloves)
MR       .....                  (no boots)
Stlth    ++........             (no amulet)
HPRegen  0.12/turn              (no ring)
MPRegen  0.09/turn              (no ring)

@: drained
A: unfitting armour, cold-blooded, AC +5
a: no special abilities


You were on level 2 of the Dungeon.
You were not hungry.

You visited 1 branch of the dungeon, and saw 2 of its levels.

You collected 56 gold pieces.

Inventory:

Hand Weapons
 a - a +0 hand axe (weapon)
Jewellery
 j - an uncursed amulet of faith {unknown}
Wands
 f - a wand of enslavement (3/24)
Scrolls
 c - a scroll of fog {unknown}
 d - 2 scrolls of identify {unknown}
 i - a scroll of amnesia {unknown}
Potions
 e - a potion of haste {unknown}
 h - a potion of flight
Comestibles
 b - a bread ration
 g - a meat ration


   Skills:
 - Level 3.2(2.1) Fighting
 + Level 3.7(2.6) Axes
 + Level 3.4(2.3) Dodging
 + Level 2.9(1.8) Stealth


You had 3 spell levels left.
You didn't know any spells.

Dungeon Overview and Level Annotations

Branches:
Dungeon (2/15)

Altars:

Annotations:
D:2 Terence


Innate Abilities, Weirdness & Mutations

Your plain brown scales are hard. (AC +5)
You cannot fit into any form of body armour.
You are cold-blooded and may be slowed by cold attacks.


Message History

Terence is heavily wounded.
Terence closely misses you.
Your hobgoblin barely misses Terence.
Unknown command.
You hit Terence.
Terence is severely wounded.
Terence barely misses you.
Your hobgoblin closely misses Terence.
Unknown command.
You barely miss Terence.
You tail-slap Terence, but do no damage.
Terence is severely wounded.
Terence barely misses you.
Your hobgoblin hits Terence but does no damage.
Unknown command.
You hit Terence.
Terence is almost dead.
Your hobgoblin hits Terence but does no damage.
Terence hits you with a flail of draining!
* * * LOW HITPOINT WARNING * * *
You feel drained.
You die...

###### ######### ......
.###<..#...##>.....
..#(...............
.......................
.............!@........ ...
#.......@.g.......
..##..........#.####.
##...........##....## ##
#.###............#####.<# .#
.................# ##.###.###
#...........# #.......#
#...........## ###..##.#.
#....#..........##### #.......
###......((...#.#...###..##..#


You could see Terence and a friendly hobgoblin.

Vanquished Creatures
  3 adders (D:2)
  2 oozes
  A dart slug (D:1)
  2 leopard geckos
  5 bats
  4 giant cockroaches
  6 hobgoblins
  3 jackals (D:2)
  6 kobolds
  A quokka (D:2)
  3 frilled lizards
  3 rats (D:1)
39 creatures vanquished.

Notes
Turn   | Place    | Note
-------+----------+-------------------------------------------
     0 | D:1      | KristoblXynda the Draconian Monk began the quest for the Orb.
     0 | D:1      | Reached XP level 1. HP: 19/19 MP: 1/1
    33 | D:1      | Reached XP level 2. HP: 22/26 MP: 2/2
   250 | D:1      | Reached XP level 3. HP: 28/31 MP: 3/3
   572 | D:2      | HP: 1/31 [poisoned by an adder]
   581 | D:2      | Reached XP level 4. HP: 3/38 MP: 4/4
   826 | D:2      | Noticed Terence
   848 | D:2      | Slain by Terence

Vault maps used:
D:1:      mushboom_english_gardens
D:2:      cheibrodos_helix_gallery, uniq_terence

Skill      XL: |  1  2 |
---------------+-------+-----
Stealth        | 2 |  2.9
Dodging        | 3 |  3.4
Fighting       | |  3.2
Axes           | |  3.7

Action                   |  1- 3 |  4- 6 || total
-------------------------+-------+-------++-------
Melee: Hand axe          |   104 |    20 ||   124
       Tailslap          |    16 |     1 ||    17
Evoke: Wand              |       |     3 ||     3
  Use: Potion            |     3 |       ||     3
 Stab: Sleeping          |     1 |       ||     1
Armor: Skin              |    37 |     7 ||    44
Dodge: Dodged            |    84 |    36 ||   120

Table legend:
 A = Spawn XP
 B = Non-spawn XP
 C = Spawn XP percentage of total XP
 D = Spawn monster count
 E = Non-spawn monster count
 F = Spawn count percentage of total count
 G = Total turns spent on level
                    A         B        C        D         E        F      G
               +---------+---------+-------+---------+---------+-------+---------
         Total |       0 |     113 |   0.0 |       0 |      39 |   0.0 |   848
               +---------+---------+-------+---------+---------+-------+---------
           D:1 |       0 |      45 |   0.0 |       0 |      23 |   0.0 |   491
           D:2 |       0 |      68 |   0.0 |       0 |      16 |   0.0 |   357
               +---------+---------+-------+---------+---------+-------+---------
